 Dungeon Crawl Stone Soup version 0.31-a0-826-ga5cc291a1b (webtiles) character file.

Game seed: 2199138870145339681

21 qw the Shooter (level 2, -1/17 HPs)
             Began as a Gargoyle Hunter on Sept 23, 2023.
             Slain by a kobold
             ... wielding a +0 club
              (2 damage)
             ... on level 1 of the Dungeon.
             The game lasted 00:00:11 (425 turns).

qw the Shooter (Gargoyle Hunter)                     Turns: 425, Time: 00:00:12

Health: -1/17      AC:  5    Str: 14    XL:     2   Next: 83%
Magic:  2/2        EV: 11    Int:  9    God:
Gold:   11         SH:  0    Dex: 13    Spells: 1/1 levels left

rFire   . . .        a - +0 shortbow
rCold   . . .        (shield currently unavailable)
rNeg    + . .        c - +0 leather armour
rPois   inf          (no helmet)
rElec   +            (no cloak)
rCorr   .            (no gloves)
SInv    .            (no boots)
Will    .....        (no amulet)
Stlth   +            (no ring)
HPRegen 0.22/turn    (no ring)
MPRegen 0.08/turn

%: no passive effects
@: no status effects
A: sickness immunity, AC +2, negative energy resistance 1, electricity
resistance, torment resistance 1, petrification resistance
a: no special abilities


You were on level 1 of the Dungeon.
You visited 1 branch of the dungeon, and saw 1 of its levels.

You collected 11 gold pieces.


Innate Abilities, Weirdness & Mutations

You are immune to sickness and miasma.
Your stone body is resilient. (AC +2)
You are immune to poison.
You resist negative energy. (rN+)
You are resistant to electric shocks. (rElec)
You are resistant to unholy torment.
You are immune to petrification.


   Skills:
 - Level 2.1 Fighting
 + Level 4.8 Ranged Weapons
 - Level 1.5 Dodging
 - Level 1.1 Stealth


You had one spell level left.
You didn't know any spells.
Your spell library was empty.

Inventory:

Hand Weapons
 a - a +0 shortbow (weapon)
Armour
 c - a +0 leather armour (worn)
 e - a +0 ring mail
Scrolls
 b - a scroll of butterflies
 d - a scroll of teleportation {unknown}
 f - a scroll of identify {unknown}
 g - a scroll of poison {unknown}
Potions
 h - a potion of degeneration {unknown}

Dungeon Overview and Level Annotations

Branches:
Dungeon (1/15)

Altars:


Message History

You shoot an arrow. The arrow closely misses the goblin.
The endoplasm quivers.
You shoot an arrow. The arrow closely misses the kobold.
You shoot an arrow. The arrow barely misses the kobold.
A kobold comes into view. It is wielding a +0 club.
The kobold completely misses you.
You shoot an arrow. The arrow closely misses the kobold.
The kobold closely misses you.
You shoot an arrow. The arrow hits the goblin.
The goblin is severely wounded.
The goblin hits you with a +0 dagger of holy wrath.
The kobold hits you but does no damage.
You shoot an arrow. The arrow barely misses the goblin.
The goblin hits you with a +0 dagger of holy wrath.
The endoplasm barely misses you. The kobold hits you but does no damage.
You shoot an arrow. The arrow closely misses the goblin.
The goblin hits you with a +0 dagger of holy wrath.
The endoplasm barely misses you. The kobold barely misses you.
The kobold hits you but does no damage. The goblin hits you but does no damage.
The endoplasm barely misses you.
You shoot an arrow.
The arrow hits the goblin but does no damage.
The goblin is severely wounded.
The goblin hits you but does no damage. The endoplasm freezes you.
You are frozen.
The kobold closely misses you.
You shoot an arrow. The arrow closely misses the goblin.
The goblin misses you. The endoplasm closely misses you.
The kobold closely misses you.
You shoot an arrow. The arrow hits the goblin!
You kill the goblin!
The endoplasm hits you. The kobold hits you with a +0 dagger.
You shoot an arrow. The arrow barely misses the kobold.
The kobold misses you.
The endoplasm hits you but does no damage.
The kobold hits you but does no damage.
You shoot an arrow. The arrow barely misses the kobold.
The endoplasm freezes you.
You are frozen.
The kobold hits you with a +0 club.
You die...

#..# ##.# #.#
. #.# .. #.#
.# #.# .. #.#
##.#
#.#######K..#
#.....).@K#
#########J#
.# .. .#.
.##. .# ## .#


You could see an endoplasm and 2 kobolds.

Vanquished Creatures
  A dart slug (D:1)
  3 endoplasms (D:1)
  2 giant cockroaches (D:1)
  2 goblins (D:1)
  A hobgoblin (D:1)
  2 ball pythons (D:1)
  A bat (D:1)
  3 kobolds (D:1)
  A rat (D:1)
16 creatures vanquished.

Notes
Turn   | Place    | Note
-------+----------+-------------------------------------------
     0 | D:1      | qw the Gargoyle Hunter began the quest for the Orb.
     0 | D:1      | Reached XP level 1. HP: 12/12 MP: 1/1
     0 | D:1      | 0 ||| qw: Version: 0.3-a-83-gcd0e7d8
     0 | D:1      | 0 ||| qw: Game counter: 1875
     0 | D:1      | 0 ||| qw: Melee chars always use a shield: true
     0 | D:1      | 0 ||| qw: God list: Okawaru
     0 | D:1      | 0 ||| qw: Allow faded altars: false
     0 | D:1      | 0 ||| qw: Do Orc after clearing Dungeon:15 true
     0 | D:1      | 0 ||| qw: Do second Lair branch before Depths: true
     0 | D:1      | 0 ||| qw: Lair rune preference: random
     0 | D:1      | 0 ||| qw: Goals: Normal
     0 | D:1      | 0 ||| PLANNING D:1-11
    24 | D:1      | HP: 3/12 [kobold/+0 short sword (4)]
    26 | D:1      | HP: 1/12 [kobold/+0 short sword (3)]
   138 | D:1      | Reached XP level 2. HP: 13/17 MP: 2/2
   423 | D:1      | HP: 4/17 [kobold/+0 dagger (1)]
   425 | D:1      | HP: 1/17 [frozen (4)]
   425 | D:1      | Slain by a kobold

Levels and vault maps discovered:
D:1:      amcnicky_arrival_feature_with_door, layout_basic,
          nicolae_concentric_dashed_squares_mild

Action                     || total
---------------------------++-------
   Fire: Shortbow          ||    59
 Armour: Leather armour    ||    26
  Dodge: Dodged            ||    18

Table legend:
 A = Non-vault XP
 B = Vault XP
 C = Vault XP percentage of total XP
 D = Non-vault monster count
 E = Vault monster count
 F = Vault count percentage of total count
                 A         B        C        D         E       F
            +---------+---------+-------+---------+---------+-------
      Total |      30 |       0 |   0.0 |      16 |       0 |   0.0
            +---------+---------+-------+---------+---------+-------
        D:1 |      30 |       0 |   0.0 |      16 |       0 |   0.0
            +---------+---------+-------+---------+---------+-------
